 Dungeon Crawl Stone Soup version 0.24-a0-429-g4608c8fa30 (webtiles) character file.

Game seed: 15357592960637930800

2838 theanonym the Destroyer (level 9, -2/55 HPs)
             Began as an Octopode Wizard on June 13, 2019.
             Was an Initiate of Vehumet.
             Slain by a komodo dragon (26 damage)
             ... on level 7 of the Dungeon.
             The game lasted 00:30:11 (14428 turns).

theanonym the Destroyer (Octopode Wizard)          Turns: 14428, Time: 00:30:12

Health: -2/55      AC:  1    Str:  6    XL:     9   Next: 74%
Magic:  8/18       EV: 13    Int: 28    God:    Vehumet [......]
Gold:   21         SH:  0    Dex: 10    Spells: 8/20 levels left

rFire    . . .     SeeInvis .   d - +3 whip
rCold    . . .     Gourm    .   (no shield)
rNeg     . . .     Faith    .   k - +0 hat
rPois    +         Spirit   .   (no amulet)
rElec    .         Reflect  .   q - +4 ring of intelligence
rCorr    .         Harm     .   c - ring of poison resistance
MR       .....                  (no ring)
Stlth    +++++.....             (no ring)
HPRegen  0.18/turn              (no ring)
MPRegen  0.16/turn              (no ring)
                                (no ring)
                                (no ring)

@: very slightly contaminated
A: almost no armour, stealthy swim, amphibious, 8 rings, constrict 8, camouflage
1, gelatinous body 1
a: Renounce Religion


Innate Abilities, Weirdness & Mutations

You cannot wear most types of armour.
You are very stealthy in the water. (Stealth+)
You are amphibious.
You can wear up to eight rings at the same time.
You can use your tentacles to constrict eight enemies at once.
Your skin changes colour to match your surroundings (Stealth+).
Your rubbery body absorbs attacks. (AC +1, EV +1)


   Skills:
 + Level 2.5 Fighting
 - Level 2.0 Dodging
 - Level 5.0 Stealth
 + Level 6.3 Spellcasting
 + Level 8.2 Conjurations
 + Level 1.7 Charms
   Level 1.0 Summonings
 + Level 1.6 Necromancy
 - Level 3.1 Translocations
 + Level 3.4 Fire Magic
 - Level 3.1 Air Magic
 - Level 3.0 Poison Magic


You had 8 spell levels left.
You knew the following spells:

 Your Spells              Type           Power        Failure   Level  Hunger
a - Magic Dart            Conj           ####         1%          1    None
c - Conjure Flame         Conj/Fire      #####...     1%          3    None
d - Mephitic Cloud        Conj/Pois/Air  #####...     2%          3    None
l - Blink                 Tloc           N/A          2%          2    None
r - Regeneration          Chrm/Necr      ###.......   9%          3    None

Your spell library contained the following spells:

 Spells                   Type           Power        Failure   Level  Hunger
 Animate Skeleton         Necr           N/A          3%          1    None
 Pain                     Necr           ###.         3%          1    None
 Beastly Appendage        Tmut           #.....       6%          1    None
 Call Imp                 Summ           ##......     6%          2    None
 Slow                     Hex            #.......     9%          2    None
 Sticks to Snakes         Tmut           #.......     9%          2    None
 Vampiric Draining        Necr           ###.......   9%          3    None
 Spider Form              Tmut/Pois      ###.......   10%         3    None
 Animate Dead             Necr           N/A          30%         4    ###....
 Ice Form                 Ice/Tmut       #.......     52%         4    ###....
 Blade Hands              Tmut           #.........   86%         5    #####..

Skill      XL: |  1  2  3  4  5  6  7  8  9 |
---------------+----------------------------+-----
Conjurations   | 2 3 4 7 8 |  8.2
Poison Magic   | 1 2 3 |  3.0
Air Magic      | 1 2 3 |  3.1
Fire Magic     | 1 2 3 |  3.4
Spellcasting   | 4 5 6 |  6.3
Translocations | 2 3 |  3.1
Stealth        | 4 5 |  5.0
Fighting       | 2 |  2.5
Charms         | 1 |  1.7
Necromancy     | 1 |  1.6
Dodging        | |  2.0
Summonings     | |  1.0

Action                   |  1- 3 |  4- 6 |  7- 9 || total
-------------------------+-------+-------+-------++-------
Melee: Unarmed           |     9 |       |       ||     9
       Constrict         |     4 |     2 |    11 ||    17
       Tentacles         |     2 |     4 |     3 ||     9
       Dagger            |     2 |    16 |    36 ||    54
       Whip              |       |       |    16 ||    16
Throw: Throwing net      |       |       |     4 ||     4
 Cast: Magic Dart        |    76 |   175 |   570 ||   821
       Mephitic Cloud    |       |    10 |    27 ||    37
       Conjure Flame     |       |     1 |     6 ||     7
       Call Imp          |       |       |     8 ||     8
       Blink             |       |       |     5 ||     5
       Regeneration      |       |       |     1 ||     1
Evoke: Wand              |       |       |     2 ||     2
  Use: Scroll            |       |     6 |     8 ||    14
       Potion            |       |     2 |     5 ||     7
 Stab: Confused          |       |       |     1 ||     1
       Held in net/web   |       |       |     1 ||     1
  Eat: Chunk             |     1 |     3 |    13 ||    17
       Ration            |       |     3 |     5 ||     8
Armor: Skin              |     2 |     8 |     8 ||    18
Dodge: Dodged            |    20 |    55 |   108 ||   183

Inventory:

Hand Weapons
 d - a +3 whip (weapon)
Missiles
 p - a throwing net (quivered)
Armour
 k - a +0 hat (worn)
Jewellery
 c - a ring of poison resistance (right tentacle)
 q - a +4 ring of intelligence (left tentacle)
Wands
 s - a wand of polymorph (9)
 v - a wand of acid (9)
Scrolls
 f - a scroll of fog
 o - 2 scrolls of enchant weapon {unknown}
 t - a scroll of teleportation
 y - 3 scrolls of magic mapping
Potions
 a - a potion of berserk rage {unknown}
 b - a potion of resistance {unknown}
 g - 2 potions of mutation
 h - a potion of brilliance
 i - 3 potions of lignification
 j - 3 potions of agility
 m - 2 potions of might
 n - a potion of ambrosia {unknown}
 w - 3 potions of curing
Comestibles
 e - 14 rations


You were on level 7 of the Dungeon.
You worshipped Vehumet.
Vehumet was noncommittal.
You were not hungry.

You visited 2 branches of the dungeon, and saw 8 of its levels.

You collected 452 gold pieces.
You spent 431 gold pieces at shops.

Dungeon Overview and Level Annotations

Branches:
Dungeon (7/15)             Temple (1/1) D:7

Altars:
Ashenzari
Cheibriados
Dithmenos
Elyvilon
Fedhas
Gozag
Hepliaklqana
Kikubaaqudgha
Makhleb
Nemelex Xobeh
Okawaru
Qazlal
Ru
Sif Muna
Uskayaw
Vehumet
Wu Jian
Xom
Yredelemnul
Zin
The Shining One

Shops:
D:4 *   D:6 !*   D:7 *

Annotations:
D:3 1 runed translucent door, Inarius's ghost, amateur MiCK
D:5 1 runed translucent door, breadhead's ghost, novice OpAs
D:6 2 transporters, TheOvate's ghost, novice TeAE

.......................#####.####
##################..l....†.#.#
....?....#####..###.#.#
#........# ##.## .#.# ..
#...)....# #..##.#.# . #........#
##.##.#.# . #........####
#.##.#.# # #.#........≈≈≈##
#.##.#.# #.#.#.......≈@l≈§#
#.##.#.# #.............∩≈≈#
#..#.#.#
+......#####≈≈≈≈≈####.#.#.#
#............≈≈≈°°..#.#.#.#
.....#+#.###########.#.#.#.# ####
#.#.....# #.#...#.# #.#.###.#
#.##..#.# #.#...#.# #.##..#.#
#.###.#.# #.##..#.####


You could see a komodo dragon.

Notes
Turn   | Place    | Note
-------+----------+-------------------------------------------
     0 | D:1      | theanonym the Octopode Wizard began the quest for the Orb.
     0 | D:1      | Reached XP level 1. HP: 11/11 MP: 4/4
   265 | D:1      | Reached XP level 2. HP: 13/17 MP: 0/6
   659 | D:1      | Reached skill level 2 in Conjurations
   750 | D:2      | Reached XP level 3. HP: 21/21 MP: 3/7
   826 | D:2      | Learned a level 3 spell: Mephitic Cloud
  1036 | D:2      | Learned a level 3 spell: Conjure Flame
  1220 | D:2      | Reached skill level 1 in Poison Magic
  1220 | D:2      | Reached XP level 4. HP: 27/27 MP: 5/9
  1369 | D:2      | Reached skill level 1 in Air Magic
  1397 | D:2      | HP: 12/27 [gnoll/+0 whip (8)]
  1622 | D:2      | HP: 12/27 [gnoll/+0 whip (8)]
  1624 | D:2      | HP: 5/27 [gnoll/+0 whip (2)]
  1910 | D:2      | HP: 13/27 [gnoll/+0 whip (7)]
  2108 | D:2      | Learned a level 2 spell: Blink
  2559 | D:2      | Reached XP level 5. HP: 31/31 MP: 4/10
  2791 | D:3      | Reached skill level 1 in Fire Magic
  3371 | D:3      | Noticed Jessica
  3908 | D:3      | Found a runed translucent door.
  3910 | D:3      | Noticed Inarius's ghost (amateur MiCK)
  4093 | D:3      | Killed Jessica
  4093 | D:3      | Reached skill level 4 in Spellcasting
  4093 | D:3      | Reached skill level 2 in Poison Magic
  4164 | D:3      | Found a runed translucent door.
  4385 | D:4      | Noticed an ice beast
  4402 | D:4      | Found Gemonor's Assorted Antiques.
  4413 | D:4      | Reached skill level 3 in Conjurations
  4413 | D:4      | Reached XP level 6. HP: 28/36 MP: 1/12
  4415 | D:4      | Noticed a phantom
  4423 | D:4      | Bought a knobbly golden ring for 135 gold pieces
  4510 | D:4      | Reached skill level 2 in Translocations
  4510 | D:4      | Reached skill level 2 in Air Magic
  4515 | D:4      | HP: 12/36 [gnoll/+0 spear (7)]
  5138 | D:4      | HP: 14/36 [ice beast (8)]
  5192 | D:4      | HP: 17/36 [ice beast (2)]
  5192 | D:4      | HP: 3/36 [ice beast (14)]
  5193 | D:4      | Killed an ice beast
  5193 | D:4      | Reached skill level 2 in Fire Magic
  5193 | D:4      | Reached XP level 7. HP: 4/41 MP: 0/13
  5560 | D:4      | Bought a scroll labeled TIDUVO LULOWNANOI for 27 gold
                  | pieces
  5587 | D:4      | Reached skill level 3 in Poison Magic
  5778 | D:4      | Noticed Grinder
  5779 | D:4      | Paralysed by Grinder for 5 turns
  5805 | D:4      | Learned a level 2 spell: Call Imp
  5835 | D:4      | Paralysed by Grinder for 7 turns
  5838 | D:4      | HP: 20/41 [Grinder (2)]
  5844 | D:4      | Paralysed by Grinder for 5 turns
  5847 | D:4      | HP: 10/41 [Grinder (2)]
  5851 | D:4      | HP: 2/41 [Grinder/nerve-wracking pain (5)]
  5861 | D:4      | Killed Grinder
  6598 | D:4      | HP: 13/41 [phantom (8)]
  6602 | D:4      | Reached skill level 4 in Conjurations
  6602 | D:4      | Reached skill level 3 in Translocations
  6602 | D:4      | Reached skill level 3 in Fire Magic
  6602 | D:4      | Reached skill level 3 in Air Magic
  6859 | D:4      | Bought a puce potion for 24 gold pieces
  6859 | D:4      | Bought a scroll of identify for 54 gold pieces
  6887 | D:4      | Reached XP level 8. HP: 46/46 MP: 5/15
  6923 | D:4      | HP: 22/46 [iguana (10)]
  7384 | D:4      | Reached skill level 5 in Spellcasting
  7690 | D:4      | Reached skill level 5 in Conjurations
  7958 | D:4      | HP: 22/46 [gnoll/stone (7)]
  8039 | D:4      | Reached skill level 6 in Conjurations
  8852 | D:4      | Reached skill level 7 in Conjurations
  9020 | D:5      | Entered Level 5 of the Dungeon
  9227 | D:5      | Reached skill level 3 in Stealth
  9566 | D:5      | Found a burning altar of Makhleb.
  9679 | D:5      | Reached skill level 4 in Stealth
  9679 | D:5      | Reached XP level 9. HP: 51/51 MP: 5/17
  9829 | D:5      | Found a runed translucent door.
  9829 | D:5      | Noticed breadhead's ghost (novice OpAs)
 10048 | D:5      | HP: 25/51 [ice beast (2)]
 10049 | D:5      | HP: 11/51 [ice beast (5)]
 10719 | D:5      | Noticed a deep elf mage
 10721 | D:5      | Found a runed translucent door.
 10902 | D:6      | Reached skill level 5 in Stealth
 10942 | D:6      | HP: 18/51 [iguana (13)]
 10942 | D:6      | HP: 8/51 [iguana (10)]
 11242 | D:6      | Reached skill level 1 in Fighting
 11384 | D:6      | Found a transporter.
 11590 | D:6      | HP: 21/53 [iguana (8)]
 11856 | D:6      | Noticed TheOvate's ghost (novice TeAE)
 11857 | D:6      | Found a transporter.
 11857 | D:6      | Identified the cursed +1 great mace of Red Wine {holy,
                  | Int+2}
 11894 | D:6      | Found Xups's Distillery.
 11897 | D:6      | Bought a potion of lignification for 33 gold pieces
 11897 | D:6      | Bought a potion of brilliance for 44 gold pieces
 11982 | D:6      | Reached skill level 6 in Spellcasting
 12136 | D:6      | HP: 22/53 [centaur (6)]
 12151 | D:6      | Learned a level 3 spell: Regeneration
 12558 | D:6      | Found Qoef's General Store.
 12644 | D:6      | Reached skill level 8 in Conjurations
 12930 | D:6      | Reached skill level 2 in Fighting
 12930 | D:6      | Reached skill level 1 in Charms
 13174 | D:7      | Reached skill level 1 in Necromancy
 13244 | D:7      | Found a staircase to the Ecumenical Temple.
 13251 | Temple   | Entered the Ecumenical Temple
 13387 | Temple   | Became a worshipper of Vehumet
 13511 | D:7      | Noticed a komodo dragon
 14410 | D:7      | Found Ichulef's Assorted Antiques.
 14418 | D:7      | Bought a runed ivory wand for 76 gold pieces
 14418 | D:7      | Bought a scroll of identify for 38 gold pieces
 14425 | D:7      | HP: 24/55 [komodo dragon (31)]
 14428 | D:7      | Slain by a komodo dragon

Vanquished Creatures
  Grinder (D:4)
  A hippogriff (D:7)
  An orc warrior (D:6)
  2 ice beasts
  A phantom (D:4)
  3 ogres
  2 centaurs
  3 bullfrogs
  2 scorpions
  A water moccasin skeleton (D:5)
  2 howler monkeys
  2 crimson imps
  A hound (D:4)
  An orc priest (D:5)
  6 orc wizards
  2 gnoll shamans
  Jessica (D:3)
  4 iguanas
  3 worker ants
  A hound zombie (D:4)
  A howler monkey zombie (D:6)
  A worker ant zombie (D:6)
  51 gnolls
  8 adders
  2 shadow imps (D:5)
  An ooze (D:3)
  2 adder skeletons
  3 worms
  3 dart slugs
  3 leopard geckos
  15 orcs
  5 ball pythons (D:2)
  8 giant cockroaches
  5 hobgoblins
  27 jackals
  11 kobolds
  2 quokkas
  6 bats
  3 frilled lizards
  3 goblins
  A quokka skeleton (D:6)
  3 rats
204 creatures vanquished.

Vanquished Creatures (others)
  2 fungi (D:2)
2 creatures vanquished.

Grand Total: 206 creatures vanquished

Table legend:
 A = Turns spent in this place as a percentage of turns spent in the entire game.
 B = Non-inter-level travel turns spent in this place as a percentage of non-inter-level travel turns spent in the entire game.
 C = Inter-level travel turns spent in this place as a percentage of turns spent in this place.
 D = Turns resting spent in this place as a percentage of non-inter-level travel turns spent in this place.
 E = Turns spent auto-exploring this place as a percentage of non-inter-level travel turns spent in this place.
 F = Non-inter-level travel turns spent in this place divided by the number of levels of this place that you've seen.
                   A       B       C       D       E      F
               +-------+-------+-------+-------+-------+----------------------
         Total | 100.0 | 100.0 |   3.1 |  48.1 |  35.4 | 1748.0
       Dungeon |  98.9 |  99.2 |   2.8 |  48.5 |  34.9 | 1981.7
        Temple |   1.1 |   0.8 |  28.7 |   0.0 |  97.3 | 112.0
               +-------+-------+-------+-------+-------+----------------------
